 Dungeon Crawl Stone Soup version 0.27-a0-277-g024f7ef292 (webtiles) character file.

Game seed: 17582855413877842210

92 ReteAZ the Shield-Bearer (level 4, -1/41 HPs)
             Began as a Gnoll Fighter on Feb 7, 2021.
             Killed by nerve-wracking pain
             ... invoked by a shadow imp
             ... summoned by Natasha
              (5 damage)
             ... on level 2 of the Dungeon.
             The game lasted 00:02:04 (1039 turns).

ReteAZ the Shield-Bearer (Gnoll Fighter)            Turns: 1039, Time: 00:02:04

Health: -1/41      AC: 11    Str: 16    XL:     4   Next: 60%
Magic:  5/5        EV:  8    Int:  8    God:
Gold:   43         SH: 10    Dex: 11    Spells: 5/5 levels left

rFire    . . .     SeeInvis .   a - +0 trident
rCold    . . .     Faith    .   c - +0 kite shield
rNeg     . . .     Spirit   .   b - +0 scale mail
rPois    .         Reflect  .   f - +2 helmet
rElec    .         Harm     .   (no cloak)
rCorr    .         Rampage  .   (no gloves)
Will     .....                  (no boots)
Stlth    ..........             (no amulet)
HPRegen  0.13/turn              (no ring)
MPRegen  0.09/turn              (no ring)

@: slowed, very slow
A: distributed training, fangs 1, strong nose
a: no special abilities


You were on level 2 of the Dungeon.
You visited 1 branch of the dungeon, and saw 2 of its levels.

You collected 43 gold pieces.

Inventory:

Hand Weapons
 a - a +0 trident (weapon)
 g - a +2 hunting sling of flaming
Missiles
 h - 62 stones (quivered)
Armour
 b - a +0 scale mail (worn)
 c - a +0 kite shield (worn)
 f - a +2 helmet (worn)
Scrolls
 e - 3 scrolls of remove curse {unknown}
Potions
 d - a potion of might


   Skills:
 + Level 6.6 Fighting
 + Level 1.2 Short Blades
 + Level 1.2 Long Blades
 + Level 1.2 Axes
 + Level 1.2 Maces & Flails
 + Level 4.6 Polearms
 + Level 1.2 Staves
 + Level 1.2 Slings
 + Level 1.2 Bows
 + Level 1.2 Crossbows
 + Level 1.2 Throwing
 + Level 6.6 Armour
 + Level 1.2 Dodging
 + Level 1.2 Stealth
 + Level 6.6 Shields
 + Level 1.2 Unarmed Combat
 + Level 1.2 Spellcasting
 + Level 1.0 Conjurations
 + Level 1.0 Hexes
 + Level 1.0 Summonings
 + Level 1.0 Necromancy
 + Level 1.0 Translocations
 + Level 1.0 Transmutations
 + Level 1.0 Fire Magic
 + Level 1.0 Ice Magic
 + Level 1.0 Air Magic
 + Level 1.0 Earth Magic
 + Level 1.0 Poison Magic
 + Level 1.3 Invocations
 + Level 1.2 Evocations


You had 5 spell levels left.
You didn't know any spells.
Your spell library was empty.

Dungeon Overview and Level Annotations

Branches:
Dungeon (2/15)

Altars:

Annotations:
D:2 Natasha


Innate Abilities, Weirdness & Mutations

Your experience applies equally to all skills.
You have very sharp teeth.
Your uncanny sense of smell can sniff out nearby items.


Message History

Natasha casts a spell at you.
You feel as though you will be slow longer.
The crimson imp blinks!
You block the shadow imp's attack. Natasha barely misses you.
You closely miss Natasha.
Natasha is almost dead.
The shadow imp gestures at you. Pain shoots through your body!
* * * LOW HITPOINT WARNING * * *
The crimson imp blinks!
Natasha claws you but does no damage. The shadow imp hits you.
* * * LOW HITPOINT WARNING * * *
Natasha wildly gestures.
Natasha shimmers violently.
You block Natasha's attack.
Natasha mumbles some strange words.
The crimson imp disappears in a puff of smoke!
The shadow imp gestures at you. Pain shoots through your body!
You die...

#.#...# #...........
#.....# #...........
##....# #...........
#######....####...........
.............##..........#
..........##.##..........#
........†>...##..........#
........5######..........#
.....§.h5@..# #..........#
∆ ........##.##
#...........
..........)####..........#
........###..............#
........# #.....##........
.....#### #.....##........
..... #.....##..).....
##### #.....##........
#.....##........


You could see Natasha, a crimson imp (summoned) and a shadow imp (summoned).

Vanquished Creatures
  Natasha (D:2)
  Robin (D:2)
  An adder (D:2)
  A worm (D:2)
  A dart slug (D:1)
  A leopard gecko (D:2)
  A ball python (D:2)
  3 bats
  A giant cockroach (D:1)
  10 goblins
  6 hobgoblins
  4 jackals (D:1)
  A quokka (D:2)
  2 frilled lizards
  5 kobolds
  3 rats
42 creatures vanquished.

Notes
Turn   | Place    | Note
-------+----------+-------------------------------------------
     0 | D:1      | ReteAZ the Gnoll Fighter began the quest for the Orb.
     0 | D:1      | Reached XP level 1. HP: 23/23 MP: 1/1
   256 | D:1      | Reached XP level 2. HP: 29/29 MP: 2/2
   399 | D:1      | You fall into a shaft and drop 1 floor!
   408 | D:2      | Reached XP level 3. HP: 35/35 MP: 3/3
   448 | D:2      | Reached skill level 1 in Invocations
   786 | D:2      | Noticed Natasha
   790 | D:2      | Killed Natasha
   791 | D:2      | Reached skill level 1 in Short Blades
   791 | D:2      | Reached skill level 1 in Long Blades
   791 | D:2      | Reached skill level 1 in Axes
   791 | D:2      | Reached skill level 1 in Maces & Flails
   791 | D:2      | Reached skill level 1 in Staves
   791 | D:2      | Reached skill level 1 in Slings
   791 | D:2      | Reached skill level 1 in Bows
   791 | D:2      | Reached skill level 1 in Crossbows
   791 | D:2      | Reached skill level 1 in Throwing
   791 | D:2      | Reached skill level 1 in Dodging
   791 | D:2      | Reached skill level 1 in Stealth
   791 | D:2      | Reached skill level 1 in Unarmed Combat
   791 | D:2      | Reached skill level 1 in Spellcasting
   791 | D:2      | Reached skill level 1 in Evocations
   791 | D:2      | Reached XP level 4. HP: 39/41 MP: 5/5
   833 | D:2      | Noticed Robin
   842 | D:2      | Killed Robin
   852 | D:2      | Reached skill level 1 in Conjurations
   852 | D:2      | Reached skill level 1 in Hexes
   852 | D:2      | Reached skill level 1 in Summonings
   852 | D:2      | Reached skill level 1 in Necromancy
   852 | D:2      | Reached skill level 1 in Translocations
   852 | D:2      | Reached skill level 1 in Transmutations
   852 | D:2      | Reached skill level 1 in Fire Magic
   852 | D:2      | Reached skill level 1 in Ice Magic
   852 | D:2      | Reached skill level 1 in Air Magic
   852 | D:2      | Reached skill level 1 in Earth Magic
   852 | D:2      | Reached skill level 1 in Poison Magic
   931 | D:2      | Noticed Natasha
  1039 | D:2      | Killed from afar by a shadow imp

Illustrated notes

Levels and vault maps discovered:
D:1:      shiori_arrival_oz, layout_basic
D:2:      layout_basic, uniq_natasha, uniq_robin

Skill      XL: |  1  2  3  4 |
---------------+-------------+-----
Invocations    | 1 |  1.3
Short Blades   | 1 |  1.2
Long Blades    | 1 |  1.2
Axes           | 1 |  1.2
Maces & Flails | 1 |  1.2
Staves         | 1 |  1.2
Slings         | 1 |  1.2
Bows           | 1 |  1.2
Crossbows      | 1 |  1.2
Throwing       | 1 |  1.2
Dodging        | 1 |  1.2
Stealth        | 1 |  1.2
Unarmed Combat | 1 |  1.2
Spellcasting   | 1 |  1.2
Evocations     | 1 |  1.2
Conjurations   | 1 |  1.0
Hexes          | 1 |  1.0
Summonings     | 1 |  1.0
Necromancy     | 1 |  1.0
Translocations | 1 |  1.0
Transmutations | 1 |  1.0
Fire Magic     | 1 |  1.0
Ice Magic      | 1 |  1.0
Air Magic      | 1 |  1.0
Earth Magic    | 1 |  1.0
Poison Magic   | 1 |  1.0
Fighting       | |  6.6
Polearms       | |  4.6
Armour         | |  6.6
Shields        | |  6.6

Action                   |  1- 3 |  4- 6 || total
-------------------------+-------+-------++-------
Melee: Trident           |   103 |    42 ||   145
       Bite              |     7 |     3 ||    10
Armor: Scale mail        |    32 |    21 ||    53
Dodge: Dodged            |    21 |    13 ||    34
Block: Kite shield       |    50 |    26 ||    76

Table legend: (Time is in decaauts)
 A = Elapsed time spent in this place.
 B = Non-inter-level travel time spent in this place.
 C = Inter-level travel time spent in this place.
 D = Time resting spent in this place.
 E = Time spent auto-exploring this place.
 F = Levels seen in this place.
 G = Mean time per level.
                   A        B        C        D        E       F      G
               +--------+--------+--------+--------+--------+-----+--------+
         Total |   1090 |   1031 |     59 |     66 |    671 |   2 |  545.0 |
       Dungeon |   1090 |   1031 |     59 |     66 |    671 |   2 |  545.0 |
               +--------+--------+--------+--------+--------+-----+--------+

Top non-repeatable levels by time:
     D:2: 680 daAuts
     D:1: 410 daAuts
